 Dungeon Crawl Stone Soup version 0.29.0-4-gdea44cf6ec (webtiles) character file.

Game seed: 2106236990006198056

61 qw the Chopper (level 4, -3/26 HPs)
             Began as a Tengu Warper on Aug 28, 2022.
             Succumbed to a scorpion's poison
             ... on level 3 of the Dungeon.
             The game lasted 00:00:12 (2060 turns).

qw the Chopper (Tengu Warper)                       Turns: 2060, Time: 00:00:13

Health: -3/26      AC:  5    Str: 14    XL:     4   Next: 7%
Magic:  8/8        EV: 11    Int: 13    God:
Gold:   172        SH:  0    Dex: 13    Spells: 7/7 levels left

rFire   . . .      SeeInvis .   Y - +0 hand axe
rCold   . . .      Faith    .   (no shield)
rNeg    . . .      Spirit   .   g - +0 ring mail
rPois   .          Reflect  .   (helmet restricted)
rElec   .          Harm     .   (no cloak)
rCorr   .          Rampage  .   (no gloves)
Will    .....                   (boots unavailable)
Stlth   +.........              (no amulet)
HPRegen 0.08/turn               (no ring)
MPRegen 0.11/turn               (no ring)

@: lethally poisoned (-3 -> -27)
A: beak, talons 3
a: no special abilities


You were on level 3 of the Dungeon.
You visited 1 branch of the dungeon, and saw 3 of its levels.

You collected 172 gold pieces.


Innate Abilities, Weirdness & Mutations

You have a beak for a mouth.
You have claws for feet.


   Skills:
 - Level 2.0 Fighting
 + Level 4.6 Axes
 - Level 1.0 Throwing
 - Level 1.1 Armour
 - Level 2.1 Dodging
 - Level 2.0 Spellcasting
 - Level 2.4 Translocations


You had 7 spell levels left.
You didn't know any spells.
Your spell library contained the following spells:

 Spells                   Type           Power      Damage    Failure   Level
 Blink                    Tloc           14%        N/A       30%         2
 Gell's Gravitas          Tloc           7%         N/A       52%         3
 Lesser Beckoning         Tloc           7%         N/A       52%         3
 Teleport Other           Tloc           7%         N/A       52%         3
 Manifold Assault         Tloc           7%         N/A       99%         5

Inventory:

Hand Weapons
 a - a +0 morningstar
 Y - a +0 hand axe (weapon)
Missiles
 e - 2 boomerangs (quivered)
Armour
 g - a +0 ring mail (worn)
Scrolls
 c - a scroll of vulnerability {unknown}
Potions
 b - a potion of heal wounds {unknown}
 d - a potion of haste {unknown}
 h - a potion of curing

Dungeon Overview and Level Annotations

Branches:
Dungeon (3/15)

Altars:
Vehumet


Message History

You start resting.
HP restored.
A scorpion comes into view.
Found a faded altar of an unknown god.
Throw: 2 boomerangs
Press: ? - help, Q - select action Shift-Dir - straight line, f - scorpion You throw a boomerang.
The boomerang barely misses the scorpion.
Throw: 2 boomerangs
Press: ? - help, Q - select action Shift-Dir - straight line, f/p - scorpion You throw a boomerang.
The boomerang closely misses the scorpion.
The scorpion closely misses you.
You hit the scorpion.
The scorpion is moderately wounded.
The scorpion stings you.
You are poisoned.
The scorpion poisons you!
You hit the scorpion but do no damage. Your kick misses the scorpion.
The scorpion is moderately wounded.
You feel very sick. The scorpion completely misses you.
You hit the scorpion. Your kick misses the scorpion.
The scorpion is moderately wounded.
You feel sick. The scorpion stings you.
You are lethally poisoned!
The scorpion poisons you!
A hobgoblin comes into view. It is wielding a +0 trident.
The scorpion stings you!
You are more poisoned.
The scorpion poisons you!
You barely miss the scorpion.
The scorpion is moderately wounded.
You feel extremely sick.
The hobgoblin shouts!
The scorpion barely misses you.
A dart slug comes into view.
You hit the scorpion. Your peck misses the scorpion.
The scorpion is severely wounded.
You die...

......#### .........#
#### .......#.# ....
.......#.# ...
.......#.# ..# .
.......#.# ..# #..
.......#.# ..###g.
###.##.#.########s......
#.##.#........@..!..._
#.##.##########......w
#....# ..###.. ######
..# #.. ..# . ... ....
####


You could see a scorpion, a dart slug and a hobgoblin.

Vanquished Creatures
  A dart slug (D:1)
  3 ball pythons (D:2)
  4 endoplasms
  6 giant cockroaches
  7 goblins
  7 hobgoblins
  3 jackals (D:2)
  6 kobolds
  4 quokkas
  2 bats
  4 frilled lizards
  5 rats
52 creatures vanquished.

Notes
Turn   | Place    | Note
-------+----------+-------------------------------------------
     0 | D:1      | qw the Tengu Warper began the quest for the Orb.
     0 | D:1      | Reached XP level 1. HP: 12/12 MP: 4/4
     0 | D:1      | 0 ||| qw: Version: 0.1-a-89-g26bdef1
     0 | D:1      | 0 ||| qw: Game counter: 1313
     0 | D:1      | 0 ||| qw: Always use a shield: true
     0 | D:1      | 0 ||| qw: God list: Okawaru
     0 | D:1      | 0 ||| qw: Allow faded altars: false
     0 | D:1      | 0 ||| qw: Do Orc after D:15 true
     0 | D:1      | 0 ||| qw: Do second Lair branch before Depths: true
     0 | D:1      | 0 ||| qw: Lair rune preference: random
     0 | D:1      | 0 ||| qw: Plans: Normal
     0 | D:1      | 0 ||| PLANNING D:1-11
    43 | D:1      | 43 ||| Stepping ~*~*~tactically~*~*~ (stealth).
   121 | D:1      | Reached skill level 3 in Axes
   121 | D:1      | Reached XP level 2. HP: 17/17 MP: 6/6
   204 | D:1      | 204 ||| Stepping ~*~*~tactically~*~*~ (stealth).
   369 | D:1      | 369 ||| Stepping ~*~*~tactically~*~*~ (stealth).
   529 | D:1      | Reached XP level 3. HP: 20/21 MP: 7/7
   586 | D:1      | 586 ||| Stepping ~*~*~tactically~*~*~ (stealth).
   692 | D:1      | Reached skill level 4 in Axes
   948 | D:1      | 948 ||| DROPPING +0 club.
   949 | D:1      | 949 ||| UPGRADING to +0 ring mail.
   959 | D:1      | 959 ||| DROPPING +0 leather armour.
   960 | D:1      | 960 ||| READING scroll labelled JATEIS ZURAJ.
   961 | D:1      | 961 ||| DRINKING 2 sedimented amethyst potions.
   962 | D:1      | 962 ||| DROPPING scroll of blinking.
  1057 | D:2      | 1057 ||| DROPPING +0 mace.
  1242 | D:2      | 1242 ||| Stepping ~*~*~tactically~*~*~ (stealth).
  1244 | D:2      | 1244 ||| FLEEEEING.
  1689 | D:2      | Reached XP level 4. HP: 17/26 MP: 8/8
  1703 | D:2      | 1703 ||| FLEEEEING.
  1795 | D:2      | 1795 ||| Stepping ~*~*~tactically~*~*~ (stealth).
  1836 | D:2      | 1836 ||| READING scroll labelled VANALUV XYHYNN.
  1856 | D:3      | Found a radiant altar of Vehumet.
  1877 | D:3      | 1877 ||| READING scroll labelled XEUPAF LUPAE.
  2052 | D:3      | Found a faded altar of an unknown god.
  2052 | D:3      | Noticed a scorpion
  2059 | D:3      | HP: 3/26 [poisoned by a scorpion]
  2060 | D:3      | Succumbed to a scorpion's poison

Levels and vault maps discovered:
D:1:      ncdulo_watergridlock, layout_loops_cross, minmay_misc_feat_doors,
          minivault_24
D:2:      layout_loops_ring, dreamdust_princess_bridge
D:3:      layout_basic, fiery_altar_vehumet, serial_shops,
          nicolae_shop_waterfront, hellmonk_ecumenical_altar_watching_god,
          minmay_misc_feat_nine_boxes, dreamdust_wishing_well, chequers_jeans

Skill      XL: |  1  2  3 |
---------------+----------+-----
Axes           | 3 4 |  4.6
Fighting       | |  2.0
Throwing       | |  1.0
Armour         | |  1.1
Dodging        | |  2.1
Spellcasting   | |  2.0
Translocations | |  2.4

Action                   |  1- 3 |  4- 6 || total
-------------------------+-------+-------++-------
Melee: Hand axe          |   112 |    11 ||   123
       Kick              |    25 |     1 ||    26
       Peck              |    20 |     2 ||    22
       Punch             |     1 |       ||     1
Throw: Boomerang         |     7 |     4 ||    11
  Use: Scroll            |     1 |     2 ||     3
       Potion            |     1 |       ||     1
Armor: Leather armour    |    12 |       ||    12
       Ring mail         |    12 |     2 ||    14
Dodge: Dodged            |    63 |     3 ||    66

Table legend:
 A = Non-vault XP
 B = Vault XP
 C = Vault XP percentage of total XP
 D = Non-vault monster count
 E = Vault monster count
 F = Vault count percentage of total count
                 A         B        C        D         E       F
            +---------+---------+-------+---------+---------+-------
      Total |      88 |       0 |   0.0 |      52 |       0 |   0.0
            +---------+---------+-------+---------+---------+-------
        D:1 |      55 |       0 |   0.0 |      31 |       0 |   0.0
        D:2 |      29 |       0 |   0.0 |      18 |       0 |   0.0
        D:3 |       4 |       0 |   0.0 |       3 |       0 |   0.0
            +---------+---------+-------+---------+---------+-------
